Map: Torches LE

Players

Reynor - Winner!

  • Race: Zerg Zerg
  • League: Master
  • Spawn Location: 1:00

LiquidClem (Clem)

  • Race: Terran Terran
  • Spawn Location: 5:00

Event: FEL Cracov 2025

VOD

Have the link to the VOD?

Description

Time

  • Played on: July 27, 2025, 4:54 p.m.
  • Length: 15:03

All games in this series

Show
View Real Time Build Order
Export as new Build Order

Reynor Zerg - Winner!

Build Orders: Hatch First 

Get SALT Encoding   

  12  0:00  Drone  
  13  0:07  Drone  
  14  0:14  Extractor  
  14  0:15  Drone  
  15  0:36  Hatchery  
  15  0:41  Extractor, Drone  
  15  0:46  Overlord  
  15  1:01  Spawning Pool  
  14  1:06  Drone  
  14  1:09  Drone  
  16  1:12  Drone  
  16  1:17  Drone  
  18  1:28  Drone  
  19  1:48  Queen x2  
  19  1:49  Zergling x4  
  19  1:51  Zergling x2  
  26  2:00  Overlord  
  27  2:01  Drone  
  27  2:10  Drone  
  28  2:18  Drone  
  29  2:23  Spore Crawler  
  29  2:27  Spore Crawler, Drone  
  29  2:28  Drone  
  29  2:31  Queen  
  32  2:41  Overlord  
  32  2:42  Drone x2  
  34  2:45  Drone  
  35  2:53  Drone  
  35  2:54  Overlord  
  36  3:00  Drone  
  36  3:03  Queen  
  37  3:07  Drone  
  37  3:09  Drone  
  37  3:12  Drone x2  
  41  3:16  Drone x2  
  41  3:18  Drone  
  43  3:29  Hatchery  
  43  3:30  Drone  
  43  3:33  Drone  
  44  3:37  Drone x2  
  44  3:41  Drone  
  47  3:42  Extractor  
  47  3:43  Extractor  
  47  3:44  Overlord  
  47  3:45  Drone  
  47  3:46  Drone  
  47  3:49  Drone  
  47  3:52  Drone  
  47  3:55  Overlord  
  49  4:01  Roach Warren  
  48  4:04  Queen  
  48  4:08  Drone x3  
  53  4:16  Evolution Chamber  
  52  4:19  Overlord  
  52  4:21  Evolution Chamber  
  52  4:22  Drone  
  52  4:23  Drone x2  
  55  4:24  Drone  
  55  4:26  Drone  
  56  4:32  Overlord  
  56  4:34  Drone x2  
  56  4:35  Drone  
  59  4:43  Roach x3  
  59  4:45  Overlord  
  65  4:46  Drone  
  65  4:51  Zerg Ground Armor Level 1  
  66  4:53  Drone  
  66  4:56  Drone x2  
  69  5:00  Overlord, Drone  
  69  5:03  Drone x3  
  69  5:06  Spore Crawler  
  72  5:09  Lair  
  72  5:13  Drone  
  73  5:14  Spore Crawler, Drone x2  
  73  5:17  Drone x2  
  73  5:19  Drone x2  
  73  5:20  Drone  
  79  5:22  Extractor  
  78  5:28  Drone x2  
  78  5:30  Drone  
  78  5:31  Zerg Missile Weapons Level 1  
  78  5:32  Roach  
  78  5:34  Extractor, Drone x2  
  85  5:35  Drone x3  
  85  5:36  Extractor  
  85  5:38  Roach  
  85  5:39  Extractor, Roach  
  85  5:41  Overlord  
  89  5:44  Roach  
  89  5:48  Roach  
  93  5:51  Spore Crawler  
  93  5:53  Drone x2  
  93  5:54  Roach  
  93  5:56  Overlord  
  96  5:59  Overlord  
  96  6:04  Overlord  
  96  6:06  Roach x5  
  96  6:08  Overlord  
  104  6:12  Queen  
  104  6:14  Drone x2  
  104  6:16  Overseer  
  104  6:18  Drone  
  104  6:20  Infestation Pit  
  104  6:21  Overlord  
  104  6:29  Roach Warren  
  103  6:37  Overlord  
  103  6:42  Roach x5  
  103  6:43  Overlord, Metabolic Boost  
  103  6:45  Drone x3  
  116  6:50  Overlord  
  116  6:57  Hatchery  
  116  6:58  Infestor  
  116  7:00  Infestor  
  119  7:02  Overlord  
  119  7:06  Queen  
  121  7:15  Hive  
  121  7:21  Zergling x26  
  134  7:24  Glial Reconstitution  
  134  7:28  Zerg Ground Armor Level 2  
  134  7:30  Drone x4  
  134  7:31  Drone  
  134  7:32  Drone  
  134  7:36  Spore Crawler  
  139  7:38  Zerg Melee Weapons Level 1  
  139  7:39  Drone  
  139  7:40  Drone  
  139  7:43  Drone  
  137  7:47  Drone x2  
  137  7:48  Overlord  
  137  7:49  Ravager x2  
  137  7:51  Drone  
  141  7:53  Baneling Nest  
  141  7:54  Drone x2  
  143  7:58  Zergling x6  
  143  8:00  Zergling x2  
  146  8:08  Zergling x2  
  146  8:10  Ravager x2  
  148  8:18  Roach x3, Zergling x2  
  148  8:19  Zergling x4  
  143  8:21  Zergling x4  
  143  8:23  Ravager x3  
  143  8:26  Roach x3, Zergling x4  
  156  8:31  Zergling x2  
  157  8:34  Zergling x4  
  157  8:35  Zergling x2  
  160  8:43  Hatchery  
  160  8:45  Zergling x12  
  160  8:46  Centrifugal Hooks  
  164  8:51  Zergling x2  
  164  8:53  Zergling x10  
  164  8:55  Zergling x6  
  170  9:00  Zergling x4  
  170  9:01  Zergling x4  
  170  9:02  Zergling x2  
  175  9:04  Adrenal Glands  
  175  9:11  Zergling x12  
  175  9:15  Baneling x9  
  175  9:16  Zergling x4  
  181  9:23  Roach x2, Zergling x6  
  186  9:25  Zergling x6  
  186  9:29  Zergling x10  
  175  9:33  Roach  
  175  9:34  Roach  
  175  9:36  Queen  
  148  9:38  Zergling x8  
  148  9:40  Roach  
  148  9:42  Zerg Melee Weapons Level 2  
  148  9:43  Zergling x2  
  149  9:45  Zergling x2  
  149  9:48  Ravager  
  149  9:49  Ravager, Zergling x2  
  149  9:50  Zergling x6, Zerg Ground Armor Level 3  
  149  9:52  Baneling x8  
  150  9:53  Zergling x4  
  150  9:55  Zergling x2  
  150  9:58  Zergling x4  
  150  9:59  Zergling x4  
  154  10:02  Zergling x4  
  154  10:04  Zergling x2  
  153  10:19  Zergling x16  
  153  10:20  Viper x2  
  167  10:22  Drone x4  
  167  10:23  Zergling x2  
  167  10:24  Zergling x8  
  167  10:25  Zergling x2  
  176  10:30  Zergling x8  
  176  10:33  Zergling x2  
  175  10:40  Zergling x6  
  175  10:43  Zergling x4, Queen  
  175  10:45  Zergling x2  
  165  10:50  Zergling x10  
  165  10:51  Zergling x4  
  165  10:53  Zergling x8  
  165  10:54  Zergling x2  
  172  10:58  Zergling x6  
  172  11:02  Zergling x2  
  171  11:05  Roach  
  171  11:10  Zergling x6  
  155  11:17  Zergling x10  
  152  11:19  Baneling x10  
  152  11:20  Roach x2, Zergling x8  
  152  11:21  Pneumatized Carapace  
  152  11:23  Ravager x3  
  152  11:24  Roach  
  152  11:25  Zergling x2, Roach  
  168  11:27  Drone x2  
  168  11:29  Drone  
  171  11:35  Ravager x3  
  171  11:38  Zergling x8  
  178  11:45  Zergling x12  
  178  11:55  Zergling x12  
  178  11:58  Zergling x2, Hatchery  
  183  12:06  Zergling x6  
  186  12:10  Baneling x10  
  186  12:13  Burrow  
  186  12:15  Zergling x20  
  189  12:18  Zergling x2  
  189  12:21  Zergling x2  
  191  12:24  Overlord  
  191  12:29  Zerg Missile Weapons Level 2  
  191  12:32  Zergling x2  
  191  12:34  Overlord  
  191  12:36  Zergling x4  
  192  12:41  Zergling x2  
  192  12:44  Zergling x16  
  192  12:49  Zergling x6  
  192  12:50  Queen  
  192  12:54  Zergling x4  
  190  13:00  Zergling x8, Roach  
  181  13:13  Zergling x18  
  181  13:17  Zergling x2  
  181  13:19  Roach x2  
  189  13:21  Zergling x2  
  189  13:22  Zergling x2  
  182  13:32  Zergling x8  
  183  13:43  Roach x2, Zergling x2  
  183  13:44  Zergling x8  
  186  13:48  Baneling x3  
  186  13:49  Baneling x7, Hatchery  
  186  13:51  Zergling x4  
  185  13:56  Zergling x4  
  185  14:01  Roach x2  
  185  14:02  Infestor  
  187  14:06  Zergling x4  
  187  14:09  Queen  
  189  14:10  Zergling x8  
  189  14:13  Zergling x2  
  194  14:18  Zergling x10  
  194  14:22  Zergling x2  
  198  14:24  Baneling x7  
  197  14:37  Zergling x8  
  199  14:42  Zergling x8  
  199  14:43  Zergling x4  
  190  14:48  Drone x2  
  190  14:49  Drone  
Show
View Real Time Build Order
Export as new Build Order

LiquidClem Terran 

Build Orders: Reaper Expand 

Get SALT Encoding   

  12  0:00  SCV  
  13  0:12  SCV  
  14  0:17  Supply Depot  
  14  0:24  SCV  
  15  0:38  SCV  
  15  0:39  Barracks  
  16  0:43  Refinery  
  16  0:50  SCV  
  17  1:03  SCV  
  18  1:15  SCV  
  19  1:26  Reaper  
  19  1:27  Orbital Command  
  20  1:39  Command Center  
  20  1:47  Supply Depot  
  20  1:52  SCV  
  21  1:58  Marine  
  22  2:04  SCV  
  23  2:09  Factory  
  23  2:16  SCV  
  23  2:20  Barracks Reactor  
  24  2:28  SCV  
  25  2:41  SCV, Command Center  
  26  2:51  Orbital Command  
  26  2:53  SCV  
  26  2:57  Marine x2  
  29  3:05  Hellion  
  31  3:08  SCV  
  32  3:18  SCV  
  32  3:19  Marine x2  
  35  3:25  Starport  
  35  3:26  SCV  
  36  3:30  Refinery  
  36  3:32  SCV  
  37  3:37  Factory Tech Lab  
  37  3:38  SCV, Marine  
  37  3:40  Marine  
  40  3:44  SCV  
  41  3:50  SCV  
  41  3:54  Orbital Command  
  42  3:56  SCV  
  42  3:57  Marine  
  42  3:59  Marine  
  42  4:02  SCV  
  46  4:08  SCV  
  46  4:09  Banshee, Supply Depot  
  47  4:10  Cloaking Field  
  47  4:14  SCV  
  51  4:17  Barracks  
  51  4:18  Factory Tech Lab  
  51  4:19  SCV  
  51  4:20  SCV  
  53  4:26  Marine x2, SCV  
  56  4:31  SCV  
  56  4:33  SCV  
  56  4:36  Supply Depot  
  56  4:38  Refinery x2  
  58  4:39  SCV  
  59  4:46  SCV, Engineering Bay  
  59  4:47  Engineering Bay, SCV  
  59  4:48  Factory Reactor  
  59  4:49  Marine  
  59  4:50  Marine  
  64  4:52  SCV  
  64  4:58  Banshee, Supply Depot  
  64  4:59  SCV  
  68  5:04  Barracks  
  68  5:06  SCV  
  70  5:11  Stimpack  
  70  5:12  SCV  
  70  5:16  Supply Depot, Terran Infantry Weapons Level 1, Marine  
  70  5:17  Marine  
  70  5:18  Marine  
  73  5:22  Terran Infantry Armor Level 1  
  73  5:23  SCV  
  73  5:26  SCV  
  75  5:29  Supply Depot, Orbital Command  
  75  5:36  Barracks  
  75  5:37  Barracks  
  75  5:38  Marine, SCV  
  75  5:39  Marine  
  75  5:41  SCV  
  79  5:50  Siege Tank  
  79  5:51  Barracks Reactor, Medivac  
  79  5:53  Medivac  
  79  5:55  SCV  
  87  5:57  Supply Depot  
  87  5:58  SCV x2  
  87  6:03  Marine, Supply Depot  
  87  6:04  Marine  
  91  6:08  SCV  
  91  6:10  SCV  
  91  6:11  SCV  
  94  6:12  Marine  
  95  6:18  Supply Depot  
  95  6:21  Bunker  
  95  6:22  Marine, Supply Depot  
  95  6:23  Siege Tank  
  100  6:27  Barracks Reactor x2  
  100  6:28  Bunker  
  100  6:31  Marine x2  
  101  6:34  Marauder  
  101  6:35  Medivac x2  
  107  6:40  Supply Depot  
  107  6:42  Marine  
  107  6:43  Armory  
  107  6:46  SCV x3  
  111  6:48  Marine, Supply Depot  
  111  6:52  Marine  
  113  6:57  Siege Tank  
  113  6:58  SCV, Marine  
  113  6:59  SCV x2, Supply Depot  
  120  7:04  Marine x3  
  120  7:05  Marine  
  120  7:06  Marauder  
  120  7:07  Marine  
  120  7:08  Marine  
  128  7:10  Supply Depot  
  128  7:12  Medivac  
  128  7:13  Medivac  
  131  7:18  Marine  
  131  7:21  Combat Shield, Supply Depot  
  131  7:22  Marine  
  132  7:27  Supply Depot  
  133  7:31  Barracks x2  
  133  7:32  Marine  
  133  7:34  Barracks  
  133  7:35  Siege Tank  
  133  7:36  Marine x2  
  139  7:37  Marine  
  139  7:43  Marine, Marauder  
  143  7:44  Marine  
  143  7:46  Marine x2  
  143  7:48  Medivac  
  143  7:50  Supply Depot  
  143  7:51  Marine  
  148  7:56  Refinery  
  148  7:58  Terran Infantry Weapons Level 2  
  149  7:59  Marine x2  
  149  8:00  Command Center  
  149  8:03  Marine x2  
  153  8:08  Supply Depot  
  153  8:09  Marine x3  
  153  8:11  Marine x2  
  155  8:13  Terran Infantry Armor Level 2  
  155  8:14  Supply Depot  
  155  8:17  Marine, SCV  
  155  8:19  Marine  
  143  8:24  Barracks Tech Lab x3  
  144  8:27  SCV  
  144  8:30  SCV  
  144  8:32  Marine  
  144  8:33  Marine x3, Marauder x2  
  154  8:38  Widow Mine  
  154  8:39  Widow Mine  
  154  8:40  Sensor Tower  
  154  8:41  Terran Vehicle And Ship Armor Level 1, Marine  
  159  8:51  Marine x2  
  159  8:53  Marine x3  
  159  8:55  Marauder x4  
  169  8:57  Marauder  
  169  9:00  Widow Mine  
  173  9:06  SCV  
  173  9:09  Widow Mine  
  176  9:12  Marine  
  176  9:15  Medivac  
  176  9:16  Marine x2, Marauder x2  
  176  9:17  Marauder  
  180  9:24  Marine  
  180  9:25  Medivac  
  180  9:27  Widow Mine  
  180  9:29  Marine  
  180  9:30  Marine  
  171  9:31  Marine x2  
  171  9:36  Marine x2, Widow Mine  
  171  9:38  Marauder x2  
  162  9:40  Marine  
  162  9:41  Marine  
  162  9:43  Marine  
  83  9:45  Medivac  
  155  9:47  Marine  
  155  9:48  Marine  
  155  9:49  Widow Mine, Marine  
  155  9:50  Marine  
  154  9:53  Marine  
  154  9:54  Marine  
  154  9:55  Medivac  
  154  9:57  Widow Mine  
  158  10:02  Marine x2  
  158  10:03  Marine x3  
  158  10:06  Marine  
  149  10:07  Marine x3  
  149  10:08  SCV  
  149  10:10  Widow Mine  
  149  10:11  Planetary Fortress, Marine x2  
  149  10:12  SCV  
  154  10:15  Medivac  
  154  10:19  Widow Mine  
  154  10:20  Marine, Marauder  
  160  10:21  Marauder, Marine x2  
  160  10:25  Medivac  
  160  10:26  Command Center  
  160  10:27  Refinery  
  164  10:29  Marauder  
  164  10:32  Widow Mine, Marine  
  164  10:35  Marine x3  
  160  10:38  Concussive Shells  
  160  10:39  Marauder  
  160  10:40  Marauder, Widow Mine  
  162  10:44  Marauder x2  
  162  10:45  Medivac  
  162  10:49  Marine  
  143  10:50  Marine  
  143  10:51  Marine x2  
  143  10:53  Widow Mine, Marine  
  143  10:55  Marine x2  
  141  11:01  Marauder x2  
  131  11:06  Marauder x2, Widow Mine  
  131  11:07  Marine  
  131  11:08  Marine  
  131  11:09  Marine x2  
  131  11:11  Marine  
  131  11:13  Marine x2  
  132  11:22  Marine  
  132  11:23  Terran Infantry Weapons Level 3  
  132  11:24  Marine  
  137  11:25  Widow Mine  
  137  11:26  Marine x3  
  137  11:29  Marauder  
  137  11:31  Marauder, Marine x2  
  145  11:36  Liberator  
  148  11:41  Widow Mine  
  148  11:42  Liberator  
  148  11:46  Marine  
  154  11:50  Marauder x2  
  154  11:51  Marauder  
  155  11:55  Marine x2  
  155  11:56  Marine x3  
  148  12:01  Terran Infantry Armor Level 3  
  148  12:06  Marauder  
  148  12:07  Marine  
  148  12:08  Widow Mine, Marine  
  145  12:12  Marauder  
  148  12:19  Marine  
  147  12:23  Widow Mine  
  147  12:26  Medivac  
  147  12:27  Marine  
  147  12:28  Marine  
  147  12:29  Widow Mine  
  155  12:31  Liberator  
  155  12:35  Marine  
  161  12:37  Marauder  
  158  12:44  Widow Mine  
  158  12:45  Marine x2  
  158  12:48  Marauder  
  158  12:50  Widow Mine  
  144  12:53  Marine x2  
  144  12:56  Medivac  
  144  12:57  Marine  
  142  13:00  Marine  
  130  13:06  Widow Mine  
  127  13:14  Medivac  
  127  13:19  Marine, Widow Mine  
  102  13:26  Liberator  
  104  13:27  Marine x2  
  104  13:30  Marine  
  104  13:36  Widow Mine  
  104  13:45  Widow Mine  
  98  13:50  Marine x3  
  94  14:00  Marine, Widow Mine  
  93  14:10  Marine x2  
  93  14:15  Marine  
  93  14:17  Marine  
  96  14:23  Marine, Widow Mine  
  100  14:26  Marine  
  100  14:31  Medivac, Marine  
  99  14:37  Marine  
  96  14:45  Marine  
Tags
 
Add a new tag
Caveats
  • Supply blocks, unpowered buildings, or Contaminate may cause inaccurate times.
  • Supply counts are checked every 10 seconds.